 Dungeon Crawl Stone Soup version 0.18-a0-1347-gb9e2fb4 (webtiles) character file.

19 Duffy the Caller (level 2, -6/19 HPs)
             Began as a Mummy Summoner on Feb 17, 2016.
             Was an Initiate of Sif Muna.
             Killed from afar by Sigmund (18 damage)
             ... with a puff of flame
             ... on level 2 of the Dungeon.
             The game lasted 00:02:38 (1499 turns).

Duffy the Caller (Mummy Summoner)                   Turns: 1499, Time: 00:02:38

Health: -6/19      AC:  2    Str: 11    XL:     2   Next: 55%
Magic:  5/5        EV: 12    Int: 14    God:    Sif Muna [......]
Gold:   80         SH:  0    Dex: 12    Spells: 2 memorised, 2 levels left

rFire  x . .     SeeInvis .     (no weapon)
rCold  + . .     Gourm    .     a - +0 robe
rNeg   + + +     Faith    .     (no shield)
rPois  ∞         Spirit   .     (no helmet)
rElec  .         Dismiss  .     (no cloak)
rCorr  .         Reflect  .     (no gloves)
SustAt .         Harm     .     (no boots)
MR     .....                    (no amulet)
Stlth  ++........               (no ring)
                                (no ring)

@: not resistant to hostile enchantments, unstealthy
A: no food or potions, fire vulnerability, cold resistance 1, negative energy
resistance 3, torment resistance, unbreathing
a: Renounce Religion


You were on level 2 of the Dungeon.
You worshipped Sif Muna.
Sif Muna was noncommittal.
You were not hungry.

You visited 1 branch of the dungeon, and saw 2 of its levels.

You collected 80 gold pieces.


Innate Abilities, Weirdness & Mutations

You do not eat or drink.
Your flesh is vulnerable to fire.
You are immune to poison.
Your flesh is cold resistant.
You are immune to negative energy.
You are immune to unholy pain and torment.
You can survive without breathing.


   Skills:
 - Level 1.5 Dodging
 - Level 1.5 Stealth
 + Level 2.4 Spellcasting
 + Level 3.6 Summonings


You had 2 spell levels left.
You knew the following spells:

 Your Spells              Type           Power        Failure   Level  Hunger
a - Summon Small Mammal   Summ           ##..         6%          1    N/A
i - Call Imp              Summ           ##......     10%         2    N/A

Inventory:

Missiles
 c - 34 stones (quivered)
Armour
 a - a +0 robe (worn)
Jewellery
 g - an uncursed amulet of rage {unknown}
Scrolls
 d - 2 scrolls of remove curse {unknown}
 e - a scroll of teleportation {unknown}
 f - a scroll of magic mapping {unknown}
Books
 b - a book of Callings

Dungeon Overview and Level Annotations

Branches:
Dungeon (2/15)

Altars:
Sif Muna

Annotations:
D:2 Sigmund


Message History

Your quokka disappears in a puff of smoke!
HP restored.
c - 9 stones (gained 1)
c - 19 stones (gained 10)
Found a stone staircase leading down.
c - 34 stones (gained 15)
Found a stone staircase leading up.
Sigmund the Dreaded comes into view.
He is wielding a scythe.
Found a blackened brass amulet and 4 fruits.
Cast which spell? (? or * to list)
A beastly little devil appears in a puff of flame.
Cast which spell? (? or * to list)
A beastly little devil appears in a puff of flame.
Cast which spell? (? or * to list)
You don't have enough magic to cast that spell.
You start resting.
Your crimson imp disappears in a puff of smoke!
Magic restored.
Your crimson imp disappears in a puff of smoke!
You enter a teleport trap!
The teleport trap disappears.
Your surroundings suddenly seem different.
A bat comes into view.
Found a runed hunting sling and a pair of gloves.
There are monsters nearby!
Sigmund shouts!
You hear a shout!
The bat hits you but does no damage. Sigmund casts a spell at you.
The magic dart hits you!
You see here a blackened brass amulet.
g - a blackened brass amulet The bat misses you.
Sigmund gestures at you while chanting. The puff of flame hits you!
The fire burns you terribly!
Ouch! That really hurt!
You die...

# ..###.. . ..... ##.
#.....## .# #. #...#
#..##......##..# #.##...#
...........[..# #..##..#
.).........#.# #.>....
............<## #......
......b.@.....### #......
............#?..###......
........@.....#...#......
............#............
........%..#######.....#.
....#......# #######.
##########.# ## ## ..
...# ##. ### #...###..
#....<) ####...


You could see Sigmund and a bat.

Action                   || total
-------------------------++-------
Throw: Stone             ||     2
 Cast: Summon Small Mamm ||    33
       Call Imp          ||    10

Notes
Turn   | Place    | Note
--------------------------------------------------------------
     0 | D:1      | Duffy the Mummy Summoner began the quest for the Orb.
     0 | D:1      | Reached XP level 1. HP: 13/13 MP: 3/3
   706 | D:1      | Reached XP level 2. HP: 19/19 MP: 1/5
   710 | D:1      | Learned a level 2 spell: Call Imp
  1237 | D:2      | Found a deep blue altar of Sif Muna.
  1240 | D:2      | Became a worshipper of Sif Muna the Loreminder
  1426 | D:2      | Noticed Sigmund
  1499 | D:2      | Killed from afar by Sigmund

Vault maps used:
D:1:      minmay_arrival_four_circles
D:2:      lemuel_blue_sif_altar, gammafunk_temple_overflow_pools, first_bread,
          uniq_jessica, uniq_sigmund, uniq_terence

Vanquished Creatures
  An adder
  A giant cockroach
  5 hobgoblins
  5 bats
  2 goblins
  3 kobolds
  5 rats
22 creatures vanquished.
